 Dungeon Crawl Stone Soup version 0.22-a0-565-gfc6459a (webtiles) character file.

236476 Ijustatesigmund the Executioner (level 18, -5/184 HPs)
             Began as a Minotaur Berserker on June 28, 2018.
             Was the Champion of Trog.
             Killed by divine providence
             ... invoked by an orc priest
             ... led by Saint Roka
              (15 damage)
             ... on level 1 of the Vaults.
             The game lasted 01:54:59 (42973 turns).

Ijustatesigmund the Executioner (MiBe)             Turns: 42973, Time: 01:55:00

Health: -5/184     AC: 19    Str: 24    XL:     18   Next: 50%
Magic:  17/17      EV: 36    Int:  4    God:    Trog [******]
Gold:   733        SH:  7    Dex: 20    Spells: 17/17 levels left

rFire    + + .     SeeInvis .   t - +9 broad axe (elec)
rCold    + . .     Gourm    .   F - +0 buckler
rNeg     . . .     Faith    .   U - +1 fire dragon scales
rPois    +         Spirit   .   (helmet restricted)
rElec    +         Reflect  .   (no cloak)
rCorr    .         Harm     .   k - +2 pair of gloves
MR       +++..                  J - +1 pair of boots
Stlth    ..........             Q - amulet "Pufrud" {Acrobat rElec rC+ Dex+4}
HPRegen  1.40/turn              z - ring of protection from cold
MPRegen  0.15/turn              G - ring of poison resistance

@: very slightly contaminated, regenerating
A: retaliatory headbutt, horns 2, repulsion field 1, deterioration 1, wild magic
1
}: 2/15 runes: serpentine, barnacled
a: Berserk, Trog's Hand, Brothers in Arms, Renounce Religion


You were on level 1 of the Vaults.
You worshipped Trog.
Trog was exalted by your worship.
You were very hungry.

You visited 6 branches of the dungeon, and saw 32 of its levels.

You collected 2714 gold pieces.
You spent 1981 gold pieces at shops.

Inventory:

Hand Weapons
 t - a +9 broad axe of electrocution (weapon)
 w - a +2 antimagic war axe
 H - a +1 antimagic executioner's axe
 S - a +8 broad axe of electrocution
Missiles
 R - 34 javelins of penetration
 T - 19 steel javelins (quivered)
Armour
 b - the +3 leather armour "Kuac" {rPois rF+ Stlth+}
   (You found it on level 6 of the Dungeon)

   It protects you from fire.
   It protects you from poison.
   It makes you more stealthy.
 k - a +2 pair of gloves (worn)
 F - a +0 buckler (worn)
 J - a +1 pair of boots (worn)
 N - the +2 scale mail "Sianaolawn" {rCorr}
   (You found it on level 13 of the Dungeon)

   It protects you from acid and corrosion.
 U - +1 fire dragon scales (worn)
Jewellery
 r - an uncursed ring of see invisible
 z - a ring of protection from cold (left hand)
 E - an uncursed ring of protection from fire
 G - a ring of poison resistance (right hand)
 Q - the amulet "Pufrud" (around neck) {Acrobat rElec rC+ Dex+4}
   (You found it on level 6 of the Lair of Beasts)

   [amulet of the acrobat]

   It helps you evade while moving and waiting.
   It affects your dexterity (+4).
   It protects you from cold.
   It insulates you from electricity.
Wands
 a - a wand of random effects (21)
 m - a wand of paralysis (39)
 s - a wand of acid (8)
 u - a wand of digging (27)
 B - a wand of clouds (7)
 C - a wand of disintegration (17)
 M - a wand of iceblast (1)
 O - a wand of flame (26)
Scrolls
 o - 2 scrolls of fog
 v - 4 scrolls of teleportation
 y - 17 scrolls of identify
 A - 2 scrolls of magic mapping
 I - 3 scrolls of blinking
 K - 12 scrolls of remove curse
 L - 2 scrolls of fear
 X - a scroll of summoning
 Y - 2 scrolls of immolation
Potions
 d - 8 potions of lignification
 e - a potion of invisibility
 f - 3 potions of berserk rage
 g - 3 potions of brilliance
 h - 6 potions of flight
 i - 7 potions of curing
 l - 4 potions of haste
 n - 4 potions of might
 p - 6 potions of heal wounds
 q - 6 potions of resistance
 x - a potion of ambrosia
 D - 4 potions of cancellation
 P - 3 potions of magic
 V - a potion of agility
 Z - a potion of mutation
Comestibles
 c - 21 rations
 j - 12 chunks of flesh


   Skills:
 + Level 21.8 Fighting
 + Level 22.3 Axes
 + Level 10.9 Throwing
 - Level 12.4 Armour
 - Level 11.7 Dodging
 - Level 7.7 Shields


You had 17 spell levels left.
You didn't know any spells.
Your spell library was empty.

Dungeon Overview and Level Annotations

Branches:
Dungeon (15/15)            Temple (0/1) D:6            Lair (6/6) D:8
 Shoals (4/4) Lair:4        Snake (4/4) Lair:4        Slime (0/5) Lair:5
    Orc (2/2) D:9             Elf (0/3) Orc:2        Vaults (1/5) D:13
 Depths: D:15

Altars:
Cheibriados
Fedhas
Nemelex Xobeh
Okawaru
Ru
Sif Muna
Xom
Yredelemnul
The Shining One

Shops:
Orc:2 %(?(   Shoals:1 *}!%   Shoals:2 (   Snake:1 (

Annotations:
D:11 iamserjio's ghost, journeyman OpWn
Shoals:4 Ilsuiw; Kirke


Innate Abilities, Weirdness & Mutations

You reflexively headbutt those who attack you in melee.
You have a pair of horns on your head.
You are surrounded by a mild repulsion field. (EV +2)
Your body sometimes deteriorates upon taking damage.
Your spells are a little harder to cast, but a little more powerful.


Message History

Blink to where?
Press: ? - help, Dir - move target cursor
As you read the scroll of blinking, it crumbles to dust.
You feel the effects of Trog's Hand fading.
The ironbrand convoker begins to recite a word of recall!
Your skin crawls.
You feel resistant to hostile enchantments.
You are feeling very hungry.
An ice dragon comes into view.
The ogre is recalled.
The ogre mage is recalled.
The orc priest is recalled.
The orc is recalled.
An ogre mage comes into view. It is wielding a halberd.
The ogre mage points at the two-headed ogre and mumbles some strange words.
The two-headed ogre seems to speed up.
An ogre comes into view. It is wielding a giant club.
An orc comes into view.
An orc priest comes into view. It is wielding a mace.
The orc priest calls down the wrath of Beogh upon you.
Beogh smites you!
You die...

#..# #.......# #....
#..# #.......# #....
#..# #.......# #....
#..# ..... #....
#..#############.....
#####
#.....o..............
#...p................
#......O.............
#...ยง..o.O...@.......
..........O.............
......................D.
........................
........................
########################


You could see an ice dragon, a two-headed ogre, an ogre mage, an ogre, an orc
priest and an orc.

Vanquished Creatures
  The ghost of Sousash the Black Sun, an adept NaWz of Kikubaaqudgha (Shoals:2)
  Rupert (D:12)
  A kraken (Shoals:3)
  7 nagarajas
  2 ironheart preservers (Vaults:1)
  Nessos (D:13)
  5 merfolk impalers
  5 merfolk javelineers
  A yaktaur captain (Vaults:1)
  8 slime creatures
  Harold (Orc:1)
  15 naga warriors
  3 hydras
  3 centaur warriors
  3 merfolk avatars
  2 catoblepae
  21 two-headed ogres
  15 anacondas
  An alligator snapping turtle (Shoals:4)
  6 merfolk aquamancers
  4 ogre magi (Vaults:1)
  A satyr (Shoals:2)
  4 death yaks (Shoals:3)
  3 shock serpents
  2 tengu warriors
  9 naga sharpshooters
  4 orc high priests (Orc:2)
  14 spriggans (Lair:6)
  The ghost of tstbtto the Spear-Bearer, a novice CeBe of Trog (D:8)
  Sonja (D:11)
  7 skeletal warriors
  3 salamander mystics (Snake:4)
  6 sea snakes
  An unseen horror (D:12)
  5 naga ritualists
  A necromancer (D:10)
  2 orc knights
  4 lindwurms (Snake:4)
  6 mana vipers
  19 harpies
  An ironbrand convoker (Vaults:1)
  2 deep elf magi
  18 ugly things
  8 manticores
  An orc sorcerer (Orc:2)
  5 salamanders (Snake:2)
  2 oklob plants (Lair:4)
  2 cyclopes
  32 black mambas
  19 naga magi
  A vault sentinel (Vaults:1)
  4 water nymphs
  12 elephants
  7 guardian serpents
  7 merfolk sirens
  A torpor snail (Snake:4)
  A gargoyle (D:11)
  15 spiny frogs
  An efreet (D:13)
  A freezing wraith (Vaults:1)
  8 komodo dragons
  A tengu conjurer (D:12)
  3 yaktaurs (Vaults:1)
  8 polar bears
  6 meliai
  A queen bee (Lair:5)
  41 merfolk
  3 wind drakes
  5 hornets
  8 trolls
  9 dream sheep
  16 blink frogs
  The ghost of iamserjio the Chopper, an amateur GrFi (D:3)
  6 snapping turtles
  14 hippogriffs
  10 water elementals
  A yak (shapeshifter) (D:14)
  A tarantella (shapeshifter) (D:11)
  2 vampires (D:13)
  A spriggan (shapeshifter) (D:12)
  3 wraiths
  45 yaks
  2 hungry ghosts
  16 humans
  2 wyverns
  3 vampire mosquitoes (D:12)
  A basilisk (D:8)
  Grum (D:9)
  Menkaure (D:6)
  3 wargs
  29 nagas
  A soldier ant (D:14)
  Duvessa (D:7)
  15 water moccasins
  18 orc warriors
  6 porcupines
  2 sky beasts
  An eye of draining (D:12)
  18 ice beasts
  3 black bears (Lair:6)
  A swamp drake (D:9)
  17 ogres
  13 centaurs
  4 boggarts (Lair:6)
  27 wolves
  4 phantoms
  2 big kobolds (D:11)
  19 crocodiles
  16 bullfrogs
  A wyvern zombie (D:13)
  5 scorpions
  Dowan (D:7)
  31 killer bees
  3 wights (D:7)
  3 electric eels
  5 howler monkeys
  2 lava snakes (D:11)
  7 crimson imps
  7 hounds
  4 centaur skeletons
  6 centaur zombies
  16 jellies
  32 orc wizards
  A gnoll shaman (D:7)
  26 orc priests
  7 bullfrog skeletons
  7 hell rats (Lair:6)
  Jessica (D:2)
  3 iguanas
  8 worker ants
  3 polar bear simulacra (D:10)
  3 yak simulacra (D:10)
  2 wolf simulacra (D:10)
  A centaur simulacrum (D:9)
  2 hound zombies
  A killer bee simulacrum (D:9)
  8 gnolls
  A howler monkey skeleton (D:3)
  23 adders
  3 shadow imps
  A white imp (D:9)
  2 ufetubi (D:9)
  3 worms (D:3)
  3 dart slugs
  4 leopard geckos
  82 orcs
  6 giant cockroaches
  7 goblins
  10 hobgoblins
  6 jackals
  19 kobolds
  3 quokkas
  A ball python (D:2)
  6 bats
  4 frilled lizards
  2 leopard gecko skeletons
  A quokka skeleton (D:4)
  A quokka zombie (D:9)
  9 rats
  3 river rat simulacra (D:10)
  2 fungi
  2 plants
  4 tentacles (Shoals:3)
1162 creatures vanquished.

Vanquished Creatures (collateral kills)
  Polyphemus (Shoals:3)
  2 merfolk javelineers (Shoals:4)
  A catoblepas (Lair:5)
  A merfolk siren (Shoals:4)
  A merfolk (Shoals:3)
  2 orc warriors (Orc:2)
  2 orc priests (Orc:2)
  A jelly (Lair:5)
11 creatures vanquished.

Vanquished Creatures (others)
  A merfolk aquamancer (Shoals:2)
  A manticore (Shoals:2)
  2 bushes (D:8)
  5 fungi
  13 plants
  3 tentacles (Shoals:3)
25 creatures vanquished.

Grand Total: 1198 creatures vanquished

Notes
Turn   | Place    | Note
-------+----------+-------------------------------------------
     0 | D:1      | Ijustatesigmund the Minotaur Berserker began the quest for the Orb.
     0 | D:1      | Reached XP level 1. HP: 19/19 MP: 0/0
   524 | D:1      | Reached skill level 4 in Axes
   677 | D:1      | Reached XP level 2. HP: 22/26 MP: 1/1
   842 | D:1      | Reached skill level 5 in Axes
   896 | D:1      | Reached XP level 3. HP: 16/31 MP: 2/2
  1375 | D:2      | Found a faded altar of an unknown god.
  1411 | D:2      | Reached ** piety under Trog
  1483 | D:2      | Noticed Jessica
  1488 | D:2      | Killed Jessica
  1488 | D:2      | Reached skill level 6 in Axes
  1488 | D:2      | Reached XP level 4. HP: 39/39 MP: 3/3
  1830 | D:2      | Found a shimmering altar of Xom.
  1857 | D:2      | You fall through a shaft for 2 floors!
  1927 | D:3      | Reached skill level 7 in Axes
  1927 | D:3      | Reached XP level 5. HP: 31/45 MP: 4/4
  2666 | D:3      | Found a runed gate.
  2666 | D:3      | Found a runed gate.
  2666 | D:3      | Found a runed gate.
  2666 | D:3      | Noticed iamserjio's ghost (amateur GrFi)
  2678 | D:3      | Killed iamserjio's ghost
  2678 | D:3      | Reached skill level 5 in Fighting
  2678 | D:3      | Reached skill level 8 in Axes
  2678 | D:3      | Reached XP level 6. HP: 56/56 MP: 5/5
  3097 | D:3      | Found a glowing golden altar of the Shining One.
  3594 | D:4      | Reached XP level 7. HP: 62/62 MP: 6/6
  3686 | D:4      | Reached *** piety under Trog
  3760 | D:4      | Found a blossoming altar of Fedhas.
  3882 | D:4      | Found a sparkling altar of Nemelex Xobeh.
  3885 | D:4      | Found a snail-covered altar of Cheibriados.
  3889 | D:4      | Found a basalt altar of Yredelemnul.
  4138 | D:5      | Entered Level 5 of the Dungeon
  4297 | D:5      | Reached skill level 9 in Axes
  4718 | D:5      | Found an iron altar of Okawaru.
  4939 | D:6      | Noticed Menkaure
  4944 | D:6      | Killed Menkaure
  4944 | D:6      | Reached XP level 8. HP: 73/73 MP: 7/7
  5034 | D:6      | Got a fine leather armour
  5040 | D:6      | Identified the +3 leather armour "Kuac" {rPois rF+ Stlth+} (You found it on level 6 of the Dungeon)
  5244 | D:6      | Found a staircase to the Ecumenical Temple.
  5418 | D:6      | Noticed a two-headed ogre
  5431 | D:6      | Killed a two-headed ogre
  5431 | D:6      | Reached skill level 10 in Axes
  5431 | D:6      | Reached skill level 5 in Dodging
  5784 | D:6      | Reached XP level 9. HP: 76/82 MP: 8/8
  5853 | D:6      | Found a sacrificial altar of Ru.
  5868 | D:6      | Noticed a troll
  5917 | D:6      | Killed a troll
  6039 | D:7      | Reached skill level 11 in Axes
  6107 | D:7      | Reached **** piety under Trog
  6479 | D:7      | Noticed Duvessa
  6479 | D:7      | Noticed Dowan
  6487 | D:7      | Killed Dowan
  6489 | D:7      | Killed Duvessa
  6656 | D:7      | Found a sparkling altar of Nemelex Xobeh.
  6809 | D:8      | Found a runed gate.
  6810 | D:8      | Found a runed gate.
  6811 | D:8      | Found a runed gate.
  6813 | D:8      | Noticed tstbtto's ghost (novice CeBe)
  6820 | D:8      | Noticed a manticore
  6827 | D:8      | Killed tstbtto's ghost
  6827 | D:8      | Reached skill level 10 in Fighting
  6829 | D:8      | Killed a manticore
  6829 | D:8      | Reached XP level 10. HP: 94/94 MP: 9/9
  6889 | D:8      | Reached skill level 5 in Armour
  6959 | D:8      | Reached skill level 12 in Axes
  7118 | D:8      | Found a staircase to the Lair.
  7121 | D:8      | Noticed a two-headed ogre
  7136 | D:8      | Killed a two-headed ogre
  8837 | D:9      | Reached skill level 13 in Axes
  9302 | D:9      | Noticed a two-headed ogre
  9314 | D:9      | Killed a two-headed ogre
  9314 | D:9      | Reached XP level 11. HP: 42/104 MP: 10/10
  9553 | D:9      | Found a deep blue altar of Sif Muna.
  9557 | D:9      | Noticed Grum
  9576 | D:9      | Killed Grum
  9687 | D:9      | Reached ***** piety under Trog
  9875 | D:9      | Found a staircase to the Orcish Mines.
  9889 | Orc:1    | Entered Level 1 of the Orcish Mines
 10484 | D:10     | Entered Level 10 of the Dungeon
 10514 | D:10     | Reached skill level 14 in Axes
 10884 | D:10     | Noticed a necromancer
 10891 | D:10     | Killed a necromancer
 10891 | D:10     | Received a gift from Trog
 11713 | D:11     | Noticed a green ugly thing
 11723 | D:11     | Killed a green ugly thing
 11931 | D:11     | Found a runed gate.
 11931 | D:11     | Found a runed gate.
 11931 | D:11     | Found a runed gate.
 11936 | D:11     | Noticed Sonja
 11950 | D:11     | Killed Sonja
 11955 | D:11     | Noticed a 12-headed hydra
 11956 | D:11     | Noticed iamserjio's ghost (journeyman OpWn)
 12132 | D:11     | Noticed a green ugly thing
 12146 | D:11     | Killed a green ugly thing
 12253 | D:11     | Reached skill level 15 in Axes
 12909 | D:11     | Noticed a white ugly thing
 12918 | D:11     | Killed a white ugly thing
 12918 | D:11     | Reached XP level 12. HP: 117/117 MP: 11/11
 14110 | D:12     | Noticed a tengu warrior
 14110 | D:12     | Noticed a two-headed ogre
 14127 | D:12     | Killed a two-headed ogre
 14138 | D:12     | Killed a tengu warrior
 14629 | D:12     | Noticed a two-headed ogre
 14637 | D:12     | Killed a two-headed ogre
 14637 | D:12     | Reached skill level 1 in Shields
 15100 | D:12     | Reached skill level 15 in Fighting
 15326 | D:12     | Reached skill level 16 in Axes
 15602 | D:13     | Found a gate to the Vaults.
 15602 | D:13     | Noticed Rupert
 15602 | D:13     | Noticed Nessos
 15617 | D:12     | Killed Rupert
 15874 | D:12     | Reached skill level 5 in Shields
 15880 | D:12     | Reached XP level 13. HP: 105/127 MP: 3/12
 17314 | D:13     | Killed Nessos
 17709 | D:13     | Got a polished scale mail
 17720 | D:13     | Identified the +2 scale mail "Sianaolawn" {rCorr} (You found it on level 13 of the Dungeon)
 17756 | D:13     | Received a gift from Trog
 18018 | D:13     | Reached skill level 17 in Axes
 19909 | D:15     | Entered Level 15 of the Dungeon
 20076 | Lair:1   | Entered Level 1 of the Lair of Beasts
 20265 | Lair:1   | Reached XP level 14. HP: 140/140 MP: 13/13
 20272 | Lair:1   | Reached skill level 18 in Axes
 21658 | Lair:2   | You fall through a shaft for 2 floors!
 22750 | Lair:3   | Received a gift from Trog
 23910 | Lair:4   | Reached skill level 19 in Axes
 23990 | Lair:4   | Found a staircase to the Snake Pit.
 24654 | Lair:4   | Found a staircase to the Shoals.
 25252 | Lair:5   | Found a staircase to the Slime Pits.
 25366 | Lair:5   | Gained mutation: You are surrounded by a mild repulsion field. (EV +2) [potion of mutation]
 25366 | Lair:5   | Gained mutation: Your body sometimes deteriorates upon taking damage. [potion of mutation]
 25366 | Lair:5   | Gained mutation: Your spells are a little harder to cast, but a little more powerful. [potion of mutation]
 25413 | Lair:5   | Received a gift from Trog
 25600 | Lair:5   | HP: 6/144 [catoblepas (28)]
 25706 | Lair:6   | Entered Level 6 of the Lair of Beasts
 26935 | Lair:5   | Reached XP level 15. HP: 152/152 MP: 8/14
 27414 | Lair:6   | Received a gift from Trog
 28587 | Lair:6   | Reached skill level 10 in Armour
 28646 | Lair:6   | Got a shimmering jade amulet
 28647 | Lair:6   | Identified the amulet "Pufrud" {Acrobat rElec rC+ Dex+4} (You found it on level 6 of the Lair of Beasts)
 29182 | D:9      | You fall through a shaft!
 29251 | Orc:1    | Noticed Harold
 29264 | Orc:1    | Killed Harold
 29278 | Orc:1    | Received a gift from Trog
 29749 | Orc:2    | Entered Level 2 of the Orcish Mines
 29786 | Orc:2    | Found a staircase to the Elven Halls.
 29802 | Orc:2    | Reached skill level 10 in Dodging
 30079 | Orc:2    | Found Oxisti's Antique Weapon Boutique.
 30079 | Orc:2    | Found Lagailuc's Weapon Shop.
 30101 | Orc:2    | Reached ****** piety under Trog
 30104 | Orc:2    | Received a gift from Trog
 30413 | Orc:2    | Found Misyucso's Food Shop.
 30418 | Orc:2    | Found Inniqum's Magic Scroll Boutique.
 30436 | Orc:2    | Bought a scroll of enchant armour for 97 gold pieces
 30436 | Orc:2    | Bought a scroll of blinking for 97 gold pieces
 30436 | Orc:2    | Bought a scroll of identify for 26 gold pieces
 30436 | Orc:2    | Bought a scroll of remove curse for 39 gold pieces
 30436 | Orc:2    | Bought a scroll of blinking for 97 gold pieces
 30436 | Orc:2    | Bought 2 scrolls of enchant weapon for 195 gold pieces
 30436 | Orc:2    | Bought a scroll of identify for 26 gold pieces
 30908 | Shoals:1 | Entered Level 1 of the Shoals
 31005 | Shoals:1 | Found Ycycux's General Store.
 31013 | Shoals:1 | Bought a scroll of blinking for 120 gold pieces
 31013 | Shoals:1 | Bought a scroll of remove curse for 48 gold pieces
 31013 | Shoals:1 | Bought a potion of might for 64 gold pieces
 31013 | Shoals:1 | Bought a potion of heal wounds for 80 gold pieces
 31013 | Shoals:1 | Bought a potion of haste for 160 gold pieces
 31126 | Shoals:1 | Found Toixyfroeb's Gadget Emporium.
 31568 | Shoals:1 | Bought a wand of clouds (6) for 540 gold pieces
 31619 | Shoals:1 | Found Hacaas's Distillery.
 31644 | Shoals:1 | Bought a potion of heal wounds for 70 gold pieces
 31644 | Shoals:1 | Bought a potion of heal wounds for 70 gold pieces
 31644 | Shoals:1 | Bought a potion of haste for 140 gold pieces
 31644 | Shoals:1 | Bought a potion of curing for 42 gold pieces
 31644 | Shoals:1 | Bought a potion of heal wounds for 70 gold pieces
 31834 | Shoals:1 | Found Susmauc's Food Emporium.
 31838 | Shoals:1 | Received a gift from Trog
 32134 | Shoals:2 | Reached XP level 16. HP: 69/160 MP: 15/15
 32644 | Shoals:2 | Found Coehav's Weapon Emporium.
 32645 | Shoals:2 | Reached skill level 20 in Axes
 33150 | Shoals:2 | Found a runed door.
 33150 | Shoals:2 | Noticed Sousash's ghost (adept NaWz)
 33165 | Shoals:2 | Killed Sousash's ghost
 33464 | Shoals:3 | Noticed Polyphemus
 33520 | Shoals:3 | Killed Polyphemus
 35111 | Shoals:3 | Noticed a kraken
 35122 | Shoals:3 | Killed a kraken
 35568 | Shoals:4 | Entered Level 4 of the Shoals
 35853 | Shoals:4 | Reached skill level 21 in Axes
 35864 | Shoals:4 | Received a gift from Trog
 35877 | Shoals:4 | Got a barnacled rune of Zot
 36276 | Shoals:4 | Noticed Ilsuiw
 36281 | Shoals:4 | Reached skill level 1 in Throwing
 36321 | Shoals:4 | Noticed Kirke
 36722 | Snake:1  | Entered Level 1 of the Snake Pit
 36836 | Snake:1  | Received a gift from Trog
 37134 | Snake:1  | Reached XP level 17. HP: 160/171 MP: 16/16
 37255 | Snake:1  | Found Hetsigiu's Weapon Boutique.
 37282 | Snake:1  | Reached skill level 5 in Throwing
 37940 | Snake:2  | You fall through a shaft!
 39292 | Snake:4  | Entered Level 4 of the Snake Pit
 39338 | Snake:4  | Found a shimmering altar of Xom.
 39528 | Snake:4  | Received a gift from Trog
 41734 | Snake:4  | Received a gift from Trog
 42259 | Snake:4  | Reached XP level 18. HP: 181/182 MP: 17/17
 42272 | Snake:4  | Reached skill level 10 in Throwing
 42274 | Snake:4  | Reached skill level 22 in Axes
 42281 | Snake:4  | Got a serpentine rune of Zot
 42663 | Vaults:1 | Entered Level 1 of the Vaults
 42706 | Vaults:1 | Received a gift from Trog
 42799 | Vaults:1 | Received a gift from Trog
 42967 | Vaults:1 | HP: 2/184 [two-headed ogre/giant club (11)]
 42973 | Vaults:1 | Killed from afar by an orc priest

Vault maps used:
D:1:      scummos_arrival_star, corexii_corridor_pit
D:2:      chequers_ecumenical_altar_simple, first_ration, lemuel_tele_altar,
          uniq_jessica
D:3:      ebering_ghost_rock_garden, nicolae_tso_swordbearing_angel
D:4:      nicolae_overflow_hidden_temple, fedhas_altar_4
D:5:      kennysheep_okawaru_gauntlet
D:6:      overflow_temple_1_default, minmay_temple_entry_statues_pillars,
          uniq_menkaure
D:7:      nemelex_altar_shiori, uniq_duvessa
D:8:      minmay_lair_entry_grove, gammafunk_ghost_split
D:9:      lemuel_round_altar, erik_orc_1, serial_ice, serial_ice_a,
          serial_ice_c, serial_ice_k, serial_ice_b, serial_ice_d, serial_ice_e,
          serial_ice_f, uniq_grum
D:10:     hex_tiny, hangedman_fish_farm, eino_house_with_fridge
D:11:     kennysheep_big_flooded_room, gammafunk_ghost_hydra_chop, uniq_sonja
D:12:     minmay_pinched_square
D:13:     david_vaults_3, portal_ice_cave_entry_ice_beasts,
          minmay_misc_feat_encased, grunt_ministairs_4
D:14:     palyth_stone_intersect
D:15:     grunt_enter_depths_hoard, wad_floor_pattern_1, lightli_airlock
Lair:1:   minivault_27, serial_bayou_shore_b
Lair:2:   guppyfry_lair_drakes
Lair:3:   wad_woods_structure_01
Lair:4:   minmay_shoals_entry_hut, minmay_snake_entry_spellcaster,
          grunt_megastairs_5, minmay_lair_oklob_chamber, serial_bayou_shore_b,
          serial_bayou_shore_b, serial_bayou_shore_a
Lair:5:   regret_index_combs_of_tragedy, minmay_slime_entry_jelly_boxes
Lair:6:   minmay_lair_end_enchanted_forest
Shoals:1: serial_shops, shop, shop, nicolae_shop_crystal, nicolae_shop_stone
Shoals:2: serial_shops, nicolae_shop_temple_entry_statues_fountains,
          ebering_ghost_inner_flame
Shoals:3: uniq_polyphemus
Shoals:4: shoals_end_hangedman, shoals_ilsuiw_alternative, uniq_kirke
Snake:1:  serial_shops, shop
Snake:2:  nicolae_snake_linked_coils, grunt_ministairs_11
Snake:3:  nicolae_snake_squiggles, nicolae_coiled_stairwell_down
Snake:4:  snake_pit_salamanders_mu, basic_altar
Orc:1:    uniq_harold
Orc:2:    st_orc_mages
Vaults:1: v_alt_pattern_2, v_pattern_2, hangedman_vaults_pinch,
          nicolae_vaults_stairing_the_circle, ontoclasm_vaults_chip,
          grunt_vaults_trifunnel, vaults_dpeg_spiral, st_smaller_cells,
          ontoclasm_vaults_idyll, uniq_saint_roka, uniq_asterion, uniq_donald

Skill      XL: |  1  2  3  4  5  6  7  8  9 10 11 12 13 14 15 16 17 18 |
---------------+-------------------------------------------------------+-----
Axes           | 4 5 6 7 8 9 10 11 13 15 16 17 19 21 22 | 22.3
Fighting       | 5 7 8 10 12 14 15 17 19 20 21 | 21.8
Dodging        | 3 5 6 7 11 | 11.7
Armour         | 4 7 8 12 | 12.4
Shields        | 5 7 |  7.7
Throwing       | 4 9 10 | 10.9

Action                   |  1- 3 |  4- 6 |  7- 9 | 10-12 | 13-15 | 16-18 || total
-------------------------+-------+-------+-------+-------+-------+-------++-------
Melee: Hand axe          |    69 |   105 |   180 |       |    14 |       ||   368
       Headbutt          |    12 |    22 |    41 |   126 |   298 |   249 ||   748
       War axe           |       |       |    22 |   436 |       |       ||   458
       Battleaxe         |       |       |     8 |       |       |       ||     8
       Broad axe         |       |       |       |   132 |  1254 |   827 ||  2213
       Great mace        |       |       |       |     7 |       |       ||     7
       Executioner's axe |       |       |       |       |    10 |       ||    10
Throw: Javelin           |       |       |       |       |       |     4 ||     4
Invok: Berserk           |     3 |     3 |     9 |    15 |    15 |     5 ||    50
       Trog's Hand       |       |     1 |     4 |     7 |     5 |     8 ||    25
       Brothers in Arms  |       |       |       |     1 |     2 |     2 ||     5
Evoke: Wand              |       |       |       |    13 |    46 |    10 ||    69
  Use: Scroll            |     8 |     6 |    10 |    13 |    14 |    22 ||    73
       Potion            |       |       |       |     3 |     6 |    13 ||    22
 Stab: Sleeping          |       |     2 |       |     6 |       |       ||     8
       Paralysed         |       |       |       |       |     2 |       ||     2
       Petrified         |       |       |       |       |       |     1 ||     1
       Invisible         |       |       |       |       |       |    20 ||    20
  Eat: Chunk             |     3 |     9 |    12 |    10 |    32 |    11 ||    77
       Ration            |       |     1 |     2 |    10 |    11 |     9 ||    33
Armor: Animal skin       |    11 |     6 |       |       |       |       ||    17
       Leather armour    |       |     8 |    27 |    94 |       |       ||   129
       Ring mail         |       |       |    12 |       |       |       ||    12
       Chain mail        |       |       |       |    92 |    47 |       ||   139
       Scale mail        |       |       |       |       |   258 |    30 ||   288
       Fire dragon scale |       |       |       |       |       |   172 ||   172
Dodge: Dodged            |    42 |    64 |   115 |   370 |   701 |   703 ||  1995
Block: Buckler           |       |       |       |    24 |   285 |   225 ||   534

Table legend:
 A = Spawn XP
 B = Non-spawn XP
 C = Spawn XP percentage of total XP
 D = Spawn monster count
 E = Non-spawn monster count
 F = Spawn count percentage of total count
 G = Total turns spent on level
                    A         B        C        D         E        F      G
               +---------+---------+-------+---------+---------+-------+---------
         Total |       0 |  333692 |   0.0 |       0 |    1167 |   0.0 | 42973
               +---------+---------+-------+---------+---------+-------+---------
           D:1 |       0 |      46 |   0.0 |       0 |      30 |   0.0 |  1353
           D:2 |       0 |      67 |   0.0 |       0 |      12 |   0.0 |   568
           D:3 |       0 |     436 |   0.0 |       0 |      30 |   0.0 |  1580
           D:4 |       0 |     252 |   0.0 |       0 |      15 |   0.0 |   683
           D:5 |       0 |     619 |   0.0 |       0 |      17 |   0.0 |   809
           D:6 |       0 |    1827 |   0.0 |       0 |      20 |   0.0 |  1143
           D:7 |       0 |     811 |   0.0 |       0 |      18 |   0.0 |   837
           D:8 |       0 |    5365 |   0.0 |       0 |      39 |   0.0 |  1919
           D:9 |       0 |    4660 |   0.0 |       0 |      53 |   0.0 |  1806
          D:10 |       0 |    2990 |   0.0 |       0 |      35 |   0.0 |  1247
          D:11 |       0 |    5422 |   0.0 |       0 |      49 |   0.0 |  2295
          D:12 |       0 |   15840 |   0.0 |       0 |      59 |   0.0 |  3274
          D:13 |       0 |   14263 |   0.0 |       0 |      47 |   0.0 |  1357
          D:14 |       0 |   10452 |   0.0 |       0 |      33 |   0.0 |  1462
        Lair:1 |       0 |    4432 |   0.0 |       0 |      20 |   0.0 |  1507
        Lair:2 |       0 |    5332 |   0.0 |       0 |      17 |   0.0 |  1134
        Lair:3 |       0 |    8481 |   0.0 |       0 |      36 |   0.0 |  1000
        Lair:4 |       0 |    7935 |   0.0 |       0 |      24 |   0.0 |  1791
        Lair:5 |       0 |   13799 |   0.0 |       0 |      79 |   0.0 |  1998
        Lair:6 |       0 |   18531 |   0.0 |       0 |      90 |   0.0 |  1851
      Shoals:1 |       0 |   18978 |   0.0 |       0 |      40 |   0.0 |  1425
      Shoals:2 |       0 |   19910 |   0.0 |       0 |      37 |   0.0 |  1571
      Shoals:3 |       0 |   19002 |   0.0 |       0 |      29 |   0.0 |  2016
      Shoals:4 |       0 |   17830 |   0.0 |       0 |      29 |   0.0 |   757
       Snake:1 |       0 |    9041 |   0.0 |       0 |      16 |   0.0 |  1034
       Snake:2 |       0 |   16020 |   0.0 |       0 |      29 |   0.0 |   806
       Snake:3 |       0 |    6137 |   0.0 |       0 |      12 |   0.0 |   826
       Snake:4 |       0 |   63106 |   0.0 |       0 |      96 |   0.0 |  3112
         Orc:1 |       0 |    3995 |   0.0 |       0 |      44 |   0.0 |   529
         Orc:2 |       0 |    7516 |   0.0 |       0 |      64 |   0.0 |   971
      Vaults:1 |       0 |   30597 |   0.0 |       0 |      48 |   0.0 |   310
               +---------+---------+-------+---------+---------+-------+---------
